 Dungeon Crawl Stone Soup version 0.30.1-9-gdf580d7c3d (webtiles) character file.

Game seed: 12068060231988255019

40 Nonny the Covered (level 3, -3/23 HPs)
             Began as a Tengu Fighter on Oct 15, 2023.
             Slain by a gnoll
             ... wielding a +1 whip of flaming
              (7 damage)
             ... on level 2 of the Dungeon.
             The game lasted 00:02:20 (1054 turns).

Nonny the Covered (Tengu Fighter)                   Turns: 1054, Time: 00:02:21

Health: -3/23      AC:  7    Str: 16    XL:     3   Next: 50%
Magic:  13/13      EV:  7    Int:  8    God:
Gold:   69         SH:  9    Dex: 15    Spells: 2/2 levels left

rFire   . . .        a - +0 long sword
rCold   . . .        n - +0 kite shield
rNeg    . . .        b - +0 scale mail
rPois   .            (helmet restricted)
rElec   .            (no cloak)
rCorr   .            (no gloves)
SInv    .            (boots unavailable)
Will    .....        (no amulet) Stlth
                     l - ring of magical power
HPRegen 0.23/turn    (no ring)
MPRegen 0.13/turn

%: no passive effects
@: no status effects
A: beak, talons 3
a: no special abilities


You were on level 2 of the Dungeon.
You visited 1 branch of the dungeon, and saw 2 of its levels.

You collected 69 gold pieces.

Inventory:

Hand Weapons
 a - a +0 long sword (weapon)
Missiles
 j - 4 curare-tipped darts (quivered)
Armour
 b - a +0 scale mail (worn)
 c - a +0 buckler
 n - a +0 kite shield (worn)
Jewellery
 l - a ring of magical power (left hand)
Scrolls
 e - a scroll of fog {unknown}
 g - 2 scrolls of identify {unknown}
 i - a scroll of teleportation {unknown}
 m - a scroll of amnesia {unknown}
 p - a scroll of fear {unknown}
Potions
 d - a potion of might
 f - 2 potions of curing {unknown}
 h - 2 potions of mutation {unknown}
 k - a potion of cancellation {unknown}
 o - a potion of flight {unknown}


   Skills:
 + Level 3.4 Fighting
 + Level 2.9 Long Blades
 + Level 3.9 Armour
 + Level 3.0 Shields


You had 2 spell levels left.
You didn't know any spells.
Your spell library was empty.

Dungeon Overview and Level Annotations

Branches:
Dungeon (2/15)

Altars:


Innate Abilities, Weirdness & Mutations

You have a beak for a mouth.
You have claws for feet.


Message History

The gnoll is moderately wounded.
The gnoll hits you with a +0 club.
You hit the gnoll but do no damage. You peck the gnoll, but do no damage.
The gnoll is moderately wounded.
The gnoll hits you but does no damage. The gnoll barely misses you.
You hit the gnoll but do no damage. Your kick misses the gnoll.
Your peck misses the gnoll.
The gnoll is moderately wounded.
The gnoll hits you with a +0 club.
You are too injured to fight recklessly!
You are too injured to fight recklessly!
You hit the gnoll.
The gnoll is heavily wounded.
The gnoll closely misses you. You block the gnoll's attack.
Okay, then.
You slash the gnoll!
You kill the gnoll!
You closely miss the gnoll. Your kick misses the gnoll.
You peck the gnoll, but do no damage. The gnoll hits you but does no damage.
You slash the gnoll! You peck the gnoll, but do no damage.
The gnoll is heavily wounded.
The gnoll hits you with a +1 whip of flaming.
The gnoll burns you.
* * * LOW HITPOINT WARNING * * *
The gnoll hits you but does no damage.
Unknown command.
Press: ? - help, v - describe, . - travel, g - get item
Here: a gnoll, wielding a +1 whip of flaming (heavily wounded) Item here: a +0 club.
An open door, spattered with blood.
Unknown command.
The gnoll attacks as you move away!
The gnoll hits you with a +1 whip of flaming.
* * * LOW HITPOINT WARNING * * *
The gnoll burns you.
* * * LOW HITPOINT WARNING * * *
The gnoll attacks as you move away! You block the gnoll's attack.
The gnoll attacks as you move away!
The gnoll hits you with a +1 whip of flaming!
You die...

#.# #.#.####### #
#.# #.#........
#.##.#####....######
#........#.....#
#...g.g....##
#g###†#......#
#.###.#.#.##.#
#g........# .#
#@#####.#.# #
#.#####.#.#
#<....... .
#########.## .. .#


You could see 2 gnolls.

Vanquished Creatures
  A gnoll (D:2)
  3 ball pythons
  3 endoplasms (D:1)
  A giant cockroach (D:1)
  3 goblins (D:1)
  3 hobgoblins (D:1)
  4 kobolds (D:1)
  2 quokkas (D:1)
  4 bats (D:1)
  2 frilled lizards (D:1)
  2 rats (D:1)
28 creatures vanquished.

Notes
Turn   | Place    | Note
-------+----------+-------------------------------------------
     0 | D:1      | Nonny the Tengu Fighter began the quest for the Orb.
     0 | D:1      | Reached XP level 1. HP: 14/14 MP: 2/2
     7 | D:1      | Starting vault: little fountain lawns.
   242 | D:1      | Reached XP level 2. HP: 19/19 MP: 3/3
   543 | D:1      | Reached XP level 3. HP: 23/23 MP: 4/4
   676 | D:1      | kite shield in southeast
   977 | D:1      | D:1 is a 4chamb floor
  1043 | D:2      | HP: 1/23 [gnoll/+1 whip of flaming (1)]
  1054 | D:2      | Slain by a gnoll

Illustrated notes ### ..# #.# #####'##### #.........# #.........# #..⌠.@.⌠..# #.........# +....<....+ #.........# #..⌠...⌠..# #.........# #.........# #####+##### Turn 7 on D:1: Starting vault: little fountain lawns. #)...##.# #.......# ####...##### +.......#### ###### ####.......# .....## #....##.# ......## #..#.# # .......## #....##.# ####....# #@......# ##...# ###.##### ####....# .# .......## .# ......## .# .....## .# ###### ## Turn 676 on D:1: kite shield in southeast

####)# #.#..........##.###.##.#
#....# #..........####........#
#.#### ######.##### #####.####
#.# #.# #.......# #.# #.#
#.##.##.# #.# ##+## #.##.##.# #.#
##...## #.##.##.# #.####
##.....## #.#..##.# ##.##.##
##....@..## ##.#.###.#
.......####.........####....###.#
.#........+.........'.........[..
.#.#...####.........####........#
.#..#.## ##.......## ##.#.#####
.##.#.# ##.....## ###(####
......# ##...## #.....# ###.###
##+## #.....# #.# #.# #.....#


Turn 977 on D:1: D:1 is a 4chamb floor

Levels and vault maps discovered:
D:1:      mushboom_english_gardens, layout_loops_corners, nrook_uturn,
          minivault_23
D:2:      minmay_chambers_of_twos, layout_loops_corners, minmay_liquid_box

Action                     || total
---------------------------++-------
  Melee: Long sword        ||    58
         Kick              ||     9
         Peck              ||     9
 Armour: Scale mail        ||    19
  Dodge: Dodged            ||    25
  Block: Buckler           ||    12
         Kite shield       ||     5
